 Dungeon Crawl Stone Soup version 0.18.1-8-gdd0e5ea (webtiles) character file.

134 Stormphoenix the Insei (level 4, -13/52 HPs)
             Began as a Demonspawn Monk on June 12, 2016.
             Was a Believer of Makhleb.
             Mangled by Stormphoenix's ghost (15 damage)
             ... on level 3 of the Dungeon.
             The game lasted 00:03:24 (2085 turns).

Stormphoenix the Insei (Demonspawn Monk)            Turns: 2085, Time: 00:03:25

Health: -13/52     AC:  2    Str: 17    XL:     4   Next: 95%
Magic:  4/4        EV: 13    Int: 11    God:    Makhleb [**....]
Gold:   154        SH:  0    Dex: 16    Spells: 0 memorised, 3 levels left

rFire  . . .     SeeInvis .       - Unarmed
rCold  . . .     Gourm    .     a - +0 robe
rNeg   . . .     Faith    .     (no shield)
rPois  +         Spirit   .     (no helmet)
rElec  .         Dismiss  .     (no cloak)
rCorr  .         Reflect  .     (no gloves)
SustAt .         Harm     .     (no boots)
MR     .....                    (no amulet)
Stlth  ..........               (no ring)
                                h - ring of poison resistance

@: berserking, very quick, not resistant to hostile enchantments, extremely
unstealthy
A: claws 2
a: Minor Destruction, Renounce Religion


You were on level 3 of the Dungeon.
You worshipped Makhleb.
Makhleb was pleased with you.
You were not hungry.

You visited 1 branch of the dungeon, and saw 3 of its levels.

You collected 154 gold pieces.

Inventory:

Armour
 a - a +0 robe (worn)
Jewellery
 h - a ring of poison resistance (left claw)
Scrolls
 c - 2 scrolls of identify
 d - a scroll of remove curse
 f - a scroll of immolation
Comestibles
 b - 5 bread rations


   Skills:
 - Level 3.0 Fighting
 - Level 2.6 Dodging
 - Level 1.7 Stealth
 + Level 5.7 Unarmed Combat


You had 3 spell levels left.
You didn't know any spells.

Dungeon Overview and Level Annotations

Branches:
Dungeon (3/15)

Altars:
Makhleb
Xom
Zin

Annotations:
D:3 Stormphoenix's ghost, amateur DsMo


Innate Abilities, Weirdness & Mutations

You have very sharp fingernails.


Message History

A red film seems to cover your vision as you go berserk!
You feel yourself moving faster!
You feel mighty! Stormphoenix's ghost hits you!
* * * LOW HITPOINT WARNING * * *
You claw Stormphoenix's ghost!
Stormphoenix's ghost is lightly damaged.
Stormphoenix's ghost hits you!
* * * LOW HITPOINT WARNING * * *
You barely miss Stormphoenix's ghost. Your claw misses Stormphoenix's ghost.
Stormphoenix's ghost is lightly damaged.
Stormphoenix's ghost screams, "Zot is a myth, the ORB is a fable, you'll soon be a tale!"
Stormphoenix's ghost hits you.
* * * LOW HITPOINT WARNING * * *
You claw Stormphoenix's ghost!
Stormphoenix's ghost is heavily damaged.
You claw Stormphoenix's ghost! Your claw misses Stormphoenix's ghost.
Stormphoenix's ghost is severely damaged.
You hear a shout!
Stormphoenix's ghost hits you!
You die...

######## #......# #......#
#......# ###......# ..
#####........# ....
###.....#......#
.....#########..>#####......#
............oW@.### ##.....†#
...........oh#### #.......#
..............# ###.###...#
...........W.# #...###.###
(............# #.###...#
.#......o..# ##.#...######
#......h..# #......##....
##.......######....####....
###.................###......


You could see Stormphoenix's ghost, 2 orcs and a jackal.

Vanquished Creatures
  A gnoll (D:1)
  4 adders
  A shadow imp (D:3)
  3 oozes
  A worm (D:3)
  3 dart slugs
  A giant gecko (D:1)
  7 bats
  2 giant cockroaches (D:1)
  4 goblins
  12 hobgoblins
  A jackal (D:3)
  A quokka (D:2)
  A ball python (D:1)
  3 giant newts
  8 kobolds
  3 rats (D:1)
56 creatures vanquished.

Notes
Turn   | Place    | Note
--------------------------------------------------------------
     0 | D:1      | Stormphoenix the Demonspawn Monk began the quest for the Orb.
     0 | D:1      | Reached XP level 1. HP: 18/18 MP: 1/1
    23 | D:1      | Reached skill level 4 in Unarmed Combat
    50 | D:1      | Gained mutation: You have sharp fingernails. [demonic ancestry]
    50 | D:1      | Reached XP level 2. HP: 14/24 MP: 2/2
   281 | D:1      | Gained mutation: You have very sharp fingernails. [demonic ancestry]
   281 | D:1      | Reached XP level 3. HP: 25/29 MP: 3/3
   422 | D:1      | Found a shimmering altar of Xom.
  1097 | D:2      | Reached skill level 5 in Unarmed Combat
  1118 | D:2      | Found a glowing silver altar of Zin.
  1118 | D:2      | Found a burning altar of Makhleb.
  1119 | D:2      | Noticed a balrug
  1119 | D:2      | Noticed an angel
  1135 | D:2      | Became a worshipper of Makhleb the Destroyer
  1135 | D:2      | Reached * piety under Makhleb
  1135 | D:2      | Reached ** piety under Makhleb
  1188 | D:2      | Reached XP level 4. HP: 18/35 MP: 4/4
  2059 | D:3      | Noticed Stormphoenix's ghost (amateur DsMo)
  2083 | D:3      | HP: 2/52 [Stormphoenix's ghost (2)]
  2085 | D:3      | Mangled by Stormphoenix's ghost

Skill      XL: |  1  2  3 |
---------------+----------+-----
Unarmed Combat | 4 5 |  5.7
Fighting       | |  3.0
Dodging        | |  2.6
Stealth        | |  1.7

Action                   |  1- 3 |  4- 6 || total
-------------------------+-------+-------++-------
Melee: Unarmed           |   109 |    73 ||   182
       Punch             |     2 |       ||     2
  Use: Scroll            |     3 |       ||     3
       Potion            |     1 |     1 ||     2
 Stab: Sleeping          |     6 |     4 ||    10
  Eat: Chunk             |     1 |     3 ||     4
Armor: Robe              |    19 |     9 ||    28
Dodge: Dodged            |    61 |    48 ||   109
